 Dungeon Crawl Stone Soup version 0.31.0-12-g77e489cdc1 (webtiles) character file.

Game seed: 11310994707380613907

1017 jimonade the Skirmisher (level 8, -4/43 HPs)
             Began as a Deep Elf Hunter on Mar 2, 2024.
             Slain by an orc warrior
             ... wielding a +0 long sword
              (9 damage)
             ... on level 6 of the Dungeon on Mar 3, 2024.
             The game lasted 00:11:18 (4810 turns).

jimonade the Skirmisher (Deep Elf Hunter)           Turns: 4810, Time: 00:11:19

Health: -4/43      AC:  4    Str:  8    XL:     8   Next: 1%
Magic:  10/10      EV: 12    Int: 15    God:
Gold:   221        SH:  5    Dex: 24    Spells: 7/7 levels left

rFire   + . .        b - +8 quarterstaff "Xoloov" {elec, rF+ Dex+4}
rCold   . . .        (shield currently unavailable)
rNeg    . . .        c - +0 leather armour
rPois   +            s - +0 helmet
rElec   .            (no cloak)
rCorr   .            (no gloves)
SInv    .            (no boots)
Will    .....        f - amulet of reflection
Stlth   ++           d - ring of poison resistance
HPRegen 0.27/turn    C - ring of flight
MPRegen 0.12/turn

%: reflection
@: flying
A: no striking features
a: no special abilities


You were on level 6 of the Dungeon.
You visited 2 branches of the dungeon, and saw 7 of its levels.

You collected 221 gold pieces.

Inventory:

Hand Weapons
 a - a +0 shortbow
 b - the +8 quarterstaff "Xoloov" (weapon) {elec, rF+ Dex+4}
   (You found it on level 4 of the Dungeon)

   Dex+4:     It affects your dexterity (+4).
   rF+:       It protects you from fire.
 t - a +0 whip of venom
 w - a +2 short sword of speed
Missiles
 y - 2 poisoned darts
Armour
 c - a +0 leather armour (worn)
 s - a +0 helmet (worn)
 z - the +0 robe of Happiness {*Slow rF++ Archmagi}
   (You found it on level 4 of the Dungeon)

   rF++:      It greatly protects you from fire.
   *Slow:     It may slow you when you take damage.
   Archmagi:  It increases the power of your magical spells.
Magical Staves
 h - a staff of alchemy
Jewellery
 d - a ring of poison resistance (left hand)
 f - an amulet of reflection (around neck)
 C - a ring of flight (right hand)
Wands
 n - a wand of flame (14)
 v - a wand of polymorph (8)
Scrolls
 e - 3 scrolls of teleportation
 i - a scroll of revelation
 j - 4 scrolls of fog
 k - a scroll of butterflies
 l - 2 scrolls of noise
 m - a scroll of summoning {unknown}
 o - a scroll of poison {unknown}
 q - 3 scrolls of enchant armour
 A - a scroll of blinking
 D - a scroll of vulnerability {unknown}
Potions
 p - 2 potions of lignification
 r - a potion of haste
 u - a potion of curing {unknown}
 x - a potion of resistance {unknown}
 B - 2 potions of brilliance {unknown}


   Skills:
 - Level 1.5 Fighting
 * Level 11.3 Ranged Weapons
 - Level 2.4 Dodging
 - Level 1.2 Stealth
 + Level 5.5 Ice Magic


You had 7 spell levels left.
You didn't know any spells.
Your spell library contained the following spells:

 Spells                   Type           Power      Damage    Failure   Level
 Ozocubu's Armour         Ice            16%        N/A       12%         3
 Magic Dart               Conj           0%         1d3       36%         1
 Searing Ray              Conj           0%         2d4       52%         2
 Fulminant Prism          Conj/Alch      0%         3d5       98%         4
 Metabolic Englaciation   Hex/Ice        4%         N/A       98%         5
 Sculpt Simulacrum        Ice/Alch       4%         N/A       100%        6


Dungeon Overview and Level Annotations

Branches:
Dungeon (6/15) Zot: 26614  Temple (1/1) D:4 Zot: 5997

Altars:
Dithmenos
Fedhas
Gozag
Ru
Trog
Uskayaw
Vehumet
Wu Jian
Yredelemnul
Zin

Shops:
D:4 *

Annotations:
D:3 exclusion: ogre


Message History

You hear a shout!
You see here a +0 flail.
There is a stone staircase leading up here.
Something hits you.
You fly upwards.
Reactivating autopickup.
There is a stone staircase leading down here.
Items here: )) [[ ÷ †.
Deactivating autopickup; reactivate with Ctrl-A.
You closely miss something. Something hits you. Something hits you.
You sock something!
You hear some strange, mumbled words.
A puff of flame appears from out of thin air!
The puff of flame misses you.
Unknown command.
You hit something. Something hits you but does no damage. Something hits you.
You miss something.
You hear some strange, mumbled words.
Something tries to affect you, but you resist.
Something hits you.
You thump something! Lightning courses through something!!
Reactivating autopickup.
You feel a bit more experienced.
Unknown command.
There is a stone staircase leading down, spattered with blood here.
Things that are here:
a +2 dagger of speed; a +0 robe; an orc corpse Unknown command.
Things that are here:
a +0 robe; a +0 dagger; an orc skeleton You start resting.
HP restored.
There is a stone staircase leading down, spattered with blood here.
Things that are here:
a +2 dagger of speed; a +0 robe; an orc corpse You fly downwards.
There is a stone staircase leading up here.
The +8 quarterstaff "Xoloov" {elec, rF+ Dex+4} stops crackling.
a - a +0 shortbow (weapon)
You see here a +0 flail.
You shoot an arrow. The arrow hits the orc.
The orc is moderately wounded.
You shoot an arrow. The arrow hits the orc.
You kill the orc!
No target in view!
No target in view!
No target in view!
No target in view!
A hound comes into view.
You shoot an arrow. The orc warrior shouts!
The hound barks!
The arrow hits the hound!
The hound is severely wounded.
You hear a shout!
You shoot an arrow. The arrow hits the hound!
You kill the hound!
You have reached level 8!
You feel clever.
You shoot an arrow.
The arrow barely misses the orc warrior.
No target in view!
No target in view!
No target in view!
You see here a +0 flail.
There is a stone staircase leading up here.
No target in view!
No target in view!
You feel agile.
You hear the crackle of electricity.
b - the +8 quarterstaff "Xoloov" (weapon)
{elec, rF+ Dex+4} You hit the orc warrior but do no damage.
The orc warrior hits you with a +0 long sword!
The orc warrior barely misses you.
You hit the orc warrior but do no damage.
The orc warrior hits you with a +0 long sword!
You closely miss the orc warrior.
The orc warrior hits you with a +0 long sword.
* * * LOW HITPOINT WARNING * * *
You hit the orc warrior.
The orc warrior is moderately wounded.
The orc warrior hits you with a +0 long sword.
* * * LOW HITPOINT WARNING * * *
The orc warrior barely misses you.
You hit the orc warrior.
The orc warrior is moderately wounded.
The orc warrior hits you with a +0 long sword!
* * * LOW HITPOINT WARNING * * *
You hit the orc warrior.
The orc warrior is heavily wounded.
The orc warrior barely misses you.
You barely miss the orc warrior.
The orc warrior is heavily wounded.
The orc warrior hits you with a +0 long sword.
* * * LOW HITPOINT WARNING * * *
The orc warrior hits you with a +0 long sword!
You die...

##### #.o@#
#.### #.#
... (....
.......
##..)..".
.........
...........


You could see an orc warrior.

Vanquished Creatures
  An ogre (D:5)
  3 phantoms
  3 scorpions
  A howler monkey (D:4)
  A bombardier beetle (D:5)
  A jelly (D:4)
  2 hounds
  2 iguanas
  4 orc wizards
  Robin (D:3)
  7 adders
  2 ufetubi (D:6)
  3 dart slugs
  2 ribbon worms
  11 orcs
  7 bats
  4 endoplasms
  A giant cockroach (D:3)
  12 goblins
  13 hobgoblins
  4 jackals (D:2)
  4 quokkas
  6 ball pythons
  A frilled lizard (D:1)
  6 kobolds
  A rat (D:3)
103 creatures vanquished.

Vanquished Creatures (others)
  A bombardier beetle (D:5)
1 creature vanquished.

Grand Total: 104 creatures vanquished

Notes
Turn   | Place    | Note
-------+----------+-------------------------------------------
     0 | D:1      | jimonade the Deep Elf Hunter began the quest for the Orb.
     0 | D:1      | Reached XP level 1. HP: 12/12 MP: 3/3
   152 | D:1      | Reached XP level 2. HP: 16/16 MP: 4/4
   175 | D:1      | Reached skill level 6 in Ranged Weapons
   477 | D:1      | Found a faded altar of an unknown god.
   770 | D:2      | Reached skill level 1 in Ice Magic
   790 | D:2      | Reached XP level 3. HP: 20/20 MP: 5/5
  1405 | D:3      | Reached XP level 4. HP: 25/25 MP: 6/6
  1416 | D:3      | Reached skill level 7 in Ranged Weapons
  1526 | D:3      | Noticed an ogre
  1888 | D:3      | Noticed Robin
  1907 | D:3      | Killed Robin
  2048 | D:3      | Reached XP level 5. HP: 29/29 MP: 7/7
  2578 | D:4      | Reached skill level 8 in Ranged Weapons
  2645 | D:4      | Found a shadowy altar of Dithmenos.
  2706 | D:4      | Found Uttauk's Assorted Antiques.
  2711 | D:4      | Identified the +8 quarterstaff "Xoloov" {elec, rF+ Dex+4}
  2808 | D:4      | Identified the +0 robe of Happiness {*Slow rF++ Archmagi}
  2827 | D:4      | Found a staircase to the Ecumenical Temple.
  2881 | Temple   | Entered the Ecumenical Temple
  2955 | D:4      | Found a sacrificial altar of Ru.
  3056 | D:4      | Reached XP level 6. HP: 34/34 MP: 8/8
  3104 | D:4      | Reached skill level 9 in Ranged Weapons
  3365 | D:5      | Entered Level 5 of the Dungeon
  3440 | D:5      | HP: 1/34 [burnt (4)]
  3441 | D:5      | Reached XP level 7. HP: 2/38 MP: 9/9
  3523 | D:5      | Reached skill level 10 in Ranged Weapons
  3914 | D:5      | Reached skill level 5 in Ice Magic
  4435 | D:6      | Reached skill level 11 in Ranged Weapons
  4796 | D:6      | Reached XP level 8. HP: 43/43 MP: 10/10
  4810 | D:6      | Slain by an orc warrior

Illustrated notes

Levels and vault maps discovered:
D:1:      spicycebolla_green_bress_n_ham_2, layout_loops_ring,
          shapermc_ecumenical_altar_pompeii, kennysheep_flooded_box
D:2:      layout_rooms
D:3:      layout_basic, serial_forest, infiniplex_forest_clump_medium,
          infiniplex_forest_clump_diagonal, infiniplex_forest_corner_1,
          infiniplex_forest_corner_2, infiniplex_forest_clump_curved,
          infiniplex_forest_straight_2, infiniplex_forest_end_1,
          infiniplex_forest_clump_medium, infiniplex_forest_lined_3_way,
          uniq_robin
D:4:      layout_loops_ring, grunt_dithmenos_smoke, overflow_temple_1_default,
          temple_doors_e, serial_shops, nicolae_shop_overgrown_old_shop,
          grunt_ministairs_7
D:5:      layout_cave_pods
D:6:      layout_basic, mainiacjoe_overflow_surrounded_room
Temple:   nicolae_temple_ecumenical_triangle

Skill      XL: |  1  2  3  4  5  6  7 |
---------------+----------------------+-----
Ranged Weapons | 6 7 8 9 11 | 11.3
Ice Magic      | 1 2 3 4 5 |  5.5
Fighting       | |  1.5
Dodging        | |  2.4
Stealth        | |  1.2

Action                     |  1- 3 |  4- 6 |  7- 9 || total
---------------------------+-------+-------+-------++-------
  Melee: Quarterstaff      |       |       |    45 ||    45
   Fire: Shortbow          |    98 |   177 |    61 ||   336
    Use: Scroll            |       |       |     8 ||     8
         Potion            |       |       |     1 ||     1
 Armour: Leather armour    |    18 |    45 |    38 ||   101
  Dodge: Dodged            |    16 |    49 |    28 ||    93
  Block: Other             |     6 |    16 |     9 ||    31
         Reflection        |       |     1 |       ||     1
